 Dungeon Crawl Stone Soup version 0.30-a0-6-g7c9e10e132 (webtiles) character file.

Game seed: 5512857096337442836

52 Flugkiller the Trooper (level 3, 0/33 HPs)
             Began as a Minotaur Fighter on Aug 22, 2022.
             Slain by an ogre
             ... wielding a +0 giant club
              (18 damage)
             ... on level 2 of the Dungeon.
             The game lasted 00:00:36 (1447 turns).

Flugkiller the Trooper (Minotaur Fighter)           Turns: 1447, Time: 00:00:37

Health: 0/33       AC:  7    Str: 20    XL:     3   Next: 60%
Magic:  2/2        EV:  9    Int:  5    God:
Gold:   34         SH:  4    Dex: 11    Spells: 2/2 levels left

rFire   . . .      SeeInvis .    a - +0 war axe
rCold   . . .      Faith    .    c - +0 buckler
rNeg    . . .      Spirit   .    b - +0 scale mail
rPois   .          Reflect  .    (helmet restricted)
rElec   .          Harm     .    (no cloak)
rCorr   .          Rampage  .    (no gloves)
Will    .....                    (no boots)
Stlth   ..........               (no amulet)
HPRegen 0.11/turn                (no ring)
MPRegen 0.08/turn                (no ring)

@: no status effects
A: horns 2, retaliatory headbutt
a: no special abilities


You were on level 2 of the Dungeon.
You visited 1 branch of the dungeon, and saw 2 of its levels.

You collected 34 gold pieces.

Inventory:

Hand Weapons
 a - a +0 war axe (weapon)
Armour
 b - a +0 scale mail (worn)
 c - a +0 buckler (worn)
Scrolls
 e - a scroll of enchant weapon {unknown}
 f - a scroll of amnesia {unknown}
 k - a scroll of vulnerability {unknown}
 m - a scroll of magic mapping {unknown}
Potions
 d - 3 potions of might
 g - 2 potions of heal wounds {unknown}
 h - 2 potions of haste {unknown}
 i - a potion of magic {unknown}
 j - a potion of cancellation {unknown}
 l - a potion of curing {unknown}


   Skills:
 + Level 4.2 Fighting
 * Level 3.9 Axes
 + Level 4.1 Armour
 - Level 3.6 Shields


You had 2 spell levels left.
You didn't know any spells.
Your spell library was empty.

Dungeon Overview and Level Annotations

Branches:
Dungeon (2/15)

Altars:
Wu Jian


Innate Abilities, Weirdness & Mutations

You have a pair of horns on your head.
You reflexively headbutt those who attack you in melee.


Message History

An endoplasm comes into view.
The endoplasm quivers.
An endoplasm is nearby!
The endoplasm jiggles.
The endoplasm barely misses you.
You hit the endoplasm.
The endoplasm is moderately wounded.
The endoplasm freezes you.
You are frozen.
The endoplasm barely misses you.
You hit the endoplasm.
The endoplasm is heavily wounded.
The endoplasm hits you.
You slash the endoplasm!
You kill the endoplasm!
No target in view!
No target in view!
No target in view!
A bat comes into view.
A bat is nearby!
A bat is nearby!
The bat misses you.
You hit the bat.
You kill the bat!
No target in view!
No target in view!
No target in view!
No target in view!
No target in view!
No target in view!
You see here a bat corpse.
Found a helmet.
Found a leather armour.
You see here a +0 leather armour.
You see here a +0 leather armour.
Found a leather armour.
No target in view!
No target in view!
No target in view!
No target in view!
No target in view!
No target in view!
Found a hand axe.
Found a club.
j - a golden potion
Found a stone staircase leading up.
k - a scroll labelled IJEPLU MOYRIRCH
l - a fizzy yellow potion A bat comes into view.
A bat is nearby!
A bat is nearby!
A bat is nearby!
Found a scroll labelled QUCZOL ALI.
The bat hits you but does no damage.
You hit the bat. You headbutt the bat.
You kill the bat!
No target in view!
No target in view!
No target in view!
No target in view!
No target in view!
No target in view!
m - a scroll labelled QUCZOL ALI A dart slug comes into view.
A dart slug is nearby!
A dart slug is nearby!
You slash the dart slug! You headbutt the dart slug.
You kill the dart slug!
No target in view!
No target in view!
No target in view!
No target in view!
No target in view!
You see here a dart slug corpse.
You see here a dart slug corpse.
You open the door.
Found a stone staircase leading down.
There is an open door here.
There is an open door here.
A rat comes into view.
A rat is nearby!
A rat is nearby!
The rat barely misses you. You furiously retaliate!
You headbutt the rat!
You kill the rat!
No target in view!
No target in view!
No target in view!
No target in view!
No target in view!
Found a stone staircase leading down.
Found a leather armour.
An ogre comes into view. It is wielding a +0 giant club.
Found a stone staircase leading down.
The ogre shouts!
You slash the ogre!
The ogre is heavily wounded.
The ogre hits you with a +0 giant club!
You slash the ogre!
The ogre is almost dead.
The ogre hits you with a +0 giant club!!
Ouch! That really hurt!
You die...

###.# ### #..##
.# #.# #..
......# #. #.#
#.# ##.#..# ##
#.# #.# ##.#..# #
#.# #.#
##.....#.# #.#
#.# #......#.
##.###.# #......>
#...##.###.....O#
#.#............@#
#...##.#######..#
######..........#
#########.## #...
#####


You could see an ogre.

Vanquished Creatures
  An adder (D:2)
  A worm (D:2)
  3 dart slugs
  4 ball pythons (D:1)
  8 bats
  3 endoplasms
  A giant cockroach (D:1)
  A goblin (D:1)
  2 hobgoblins (D:1)
  A kobold (D:2)
  A quokka (D:1)
  3 frilled lizards (D:1)
  6 rats
35 creatures vanquished.

Notes
Turn   | Place    | Note
-------+----------+-------------------------------------------
     0 | D:1      | Flugkiller the Minotaur Fighter began the quest for the
                  | Orb.
     0 | D:1      | Reached XP level 1. HP: 19/19 MP: 0/0
     1 | D:1      | Found an ornate altar of the Wu Jian Council.
   177 | D:1      | Reached XP level 2. HP: 27/27 MP: 1/1
   995 | D:2      | Reached XP level 3. HP: 31/33 MP: 2/2
  1443 | D:2      | Noticed an ogre
  1447 | D:2      | Slain by an ogre

Illustrated notes

Levels and vault maps discovered:
D:1:      sevenhm_arrival_forest_fort_small_6, layout_loops_corners,
          hangedman_decor_slide_cut
D:2:      wad_pebble_path, layout_loops_ring, grunt_ministairs_4

Skill      XL: |  1  2 |
---------------+-------+-----
Axes           | 3 |  3.9
Fighting       | 4 |  4.2
Armour         | 4 |  4.1
Shields        | |  3.6

Action                   || total
-------------------------++-------
Melee: War axe           ||    53
       Headbutt          ||     8
Armor: Scale mail        ||    23
Dodge: Dodged            ||    26
Block: Buckler           ||    11

Table legend: (Time is in decaauts)
 A = Elapsed time spent in this place.
 B = Non-inter-level travel time spent in this place.
 C = Inter-level travel time spent in this place.
 D = Time resting spent in this place.
 E = Time spent auto-exploring this place.
 F = Levels seen in this place.
 G = Mean time per level.
                   A        B        C        D        E       F      G
               +--------+--------+--------+--------+--------+-----+--------+
         Total |   1467 |   1422 |     45 |      0 |   1231 |   2 |  733.5 |
       Dungeon |   1467 |   1422 |     45 |      0 |   1231 |   2 |  733.5 |
               +--------+--------+--------+--------+--------+-----+--------+

Top non-repeatable levels by time:
     D:1: 999 daAuts
     D:2: 467 daAuts
